Unix xNetHack Version 8.0.0 - last build Mar 23 2024 02:42:02 (1964348d4f5f1cf1067ea9968e02252fcc83c468). Game began 2024-04-01 08:50:16, ended 2024-04-01 11:29:58. Catomat, neutral female human Wizard ############### #------ ------ #......# |////| ####|....|# |////| ----------- # #|....|# -------- |////| #..........| # #..>..|# |....<..## |....| ##|.........+ # #|....|# |.{....| # --|--- #####..........|#####[#...^.-####-......| # # ###### ##|..........#######------# -.------ ### # ---------# ###### ---------.-## # # ## |........#### # # ## # |*......| # # # ----|-- |........# ## ## # |.....| ---------# # ## ##......| # ----.-----------# -.---------- |.....| ### |..............|# |..........| |...>.| # |...............# .......@^..| |....*| ##-..............| |..........| ------- ---------------- ------------ Catomat the Conjurer St:11 Dx:12 Co:16 In:17 Wi:9 Ch:11 Neutral S:569 Dlvl:3 $:43 HP:0(23) Pw:31(31) AC:10 Xp:4/94 T:1241 Blind Deaf Latest messages: Mewmew falls into a pit! $ - 3 gold pieces {0} (18 in total). You miss the brown mold. You are suddenly very cold! In what direction? The spell hits the brown mold! You kill the brown mold! $ - 9 gold pieces {0} (27 in total). You see here a yellow gem. You swap places with Mewmew. This door is locked. This door is locked. This door is locked. In what direction? You kick the door. The door crashes open! You swap places with Mewmew. The door opens. $ - 5 gold pieces {0} (32 in total). You hear a pick striking rock. You swap places with Mewmew. You are hit by a silver runed dagger. It misses the hobbit. In what direction? The spell misses the hobbit. It misses the hobbit. It bites the hobbit. The hobbit misses it. In what direction? The spell misses the hobbit. The hobbit punches you! It bites the hobbit. The hobbit is killed! Mewmew eats a hobbit corpse. You see here a silver runed dagger. x - a silver runed dagger {10}. You attack thin air. $ - 11 gold pieces {0} (43 in total). You are momentarily blinded by a flash of light! You hear a deafening roar! It bites! Wait! There's something there you can't see! It bites! It bites! You miss it. It bites! It bites! You die... Do you want your possessions identified? [ynq] (y) Do you want to see your attributes? [ynq] (y) Inventory: Inventory: 271/725 weight (24/52 slots) Coins $ - 43 gold pieces {1} Weapons q - a cursed -1 boomerang {5} t - a +2 dagger {10} f - a +0 dagger {10} d - a +0 elven dagger (weapon in hand) {10} x - a +0 silver elven dagger {10} p - 2 +0 orcish daggers {20} n - 2 +0 wooden orcish daggers {6} a - a blessed +1 quarterstaff (alternate weapon; not wielded) {40} Armor b - an uncursed burnt +0 cloak of magic resistance (being worn) {8} Comestibles k - 3 uncursed bananas {6} v - an uncursed fortune cookie {1} s - an uncursed pear {2} c - 2 uncursed tins of szechuan floating eye meat {20} j - an uncursed lichen corpse {20} Scrolls h - a blessed scroll of enchant weapon {5} m - an uncursed scroll of food detection {5} r - a cursed scroll of identify {5} i - an uncursed scroll of remove curse {5} Spellbooks w - an uncursed spellbook of cause fear {45} Potions e - a cursed potion of blindness {20} Wands u - a wand of make invisible (0:4) {7} o - a wand of undead turning (0:5) {7} Tools g - an uncursed blindfold {2} Gems/Stones l - 2 uncursed worthless pieces of black glass {2} Catomat the Wizard's attributes: Background: You were a Conjurer, a level 4 female human Wizard. You were neutral, on a mission for Thoth who was opposed by Ptah (lawful) and Anhur (chaotic). You were heterosexual. You were in the Dungeons of Doom, on level 3. You entered the dungeon 1241 turns ago. You had 94 experience points, 66 more were needed to attain level 5. Your score was 569 before end-of-game adjustments. Basics: You had 0 out of 23 hit points. You had all 31 energy points (spell power). Your armor class was 10. Your wallet contained 43 zorkmids. Autopickup was on for '$"?!=/' plus thrown. Final Characteristics: Your strength was 11 (limit:18/100). Your dexterity was 12 (limit:18). Your constitution was 16 (limit:18). Your intelligence was 17 (limit:18). Your wisdom was 9 (limit:18). Your charisma was 11 (limit:18). Final Status: You were temporarily blind. You were deaf. You were not hungry. You were unencumbered. You were wielding a dagger. You were unskilled in dagger. Final Attributes: You were devoutly aligned. You were magic-protected. You were warded. You are dead. Miscellaneous: You never encountered a bones level. Total elapsed playing time was 55 minutes and 20 seconds. Major events: Turn 1: Catomat the neutral female human Wizard entered the dungeon 515: attained the rank of Conjurer (level 3) 1006: entered the Gnomish Mines 1241: killed by a giant bat Vanquished creatures: 2 iguanas a gas spore 3 hobbits a large kobold a brown mold 2 geckos 8 jackals 2 foxes 5 goblins 3 grid bugs 4 lichens 3 newts 35 creatures vanquished. No species were genocided or became extinct. Voluntary challenges: You read items or engraved 6 times. You never genocided any monsters. You never polymorphed an object. You never changed form. You never touched an artifact. You used no wishes. You never scared an enemy with impunity. You were celibate. You never generated conflict. Achievements: You attained the rank of Conjurer. You entered a shop. You entered the Gnomish Mines. Dungeon overview: The Dungeons of Doom: levels 1 to 4 Level 1: "stash" An altar to Thoth, many fountains. Level 2: "bx" Some fountains. Level 3: <- You were here. A wand shop, a fountain. Stairs down to The Gnomish Mines. Final resting place for you, killed by a giant bat. Level 4: The Gnomish Mines: Level 4: Game over: __________ / \ / REST \ / IN \ / PEACE \ / \ | Catomat | | 43 Au | | killed by a | | giant bat | | | | | | 2024 | *| * * * | * _________)/\\_//(\/(/\)/\//\/|_)_______ Goodbye Catomat the Wizard... You died in The Dungeons of Doom on dungeon level 3 with 565 points, and 43 pieces of gold, after 1241 moves. You were level 4 with a maximum of 23 hit points when you died.